 Dungeon Crawl Stone Soup version 0.30.1-4-g462c640d31 (webtiles) character file.

Game seed: 8622307351868760691

728815 shamsi the Axe Maniac (level 27, -3/273 HPs)
             Began as a Hill Orc Berserker on Aug 25, 2023.
             Was the Champion of the Shining One.
             Killed from afar by an orb of fire (5 damage)
             ... with a fireball
             ... on level 5 of the Realm of Zot on Aug 27, 2023.
             The game lasted 08:38:39 (96527 turns).

shamsi the Axe Maniac (Hill Orc Berserker)         Turns: 96527, Time: 08:38:39

Health: -3/273     AC: 47    Str: 34    XL:     27
Magic:  0/20       EV: 17    Int:  9    God:    the Shining One [******]
Gold:   5118       SH:  0    Dex:  6    Spells: 34/34 levels left

rFire   + + +        b - +9 executioner's axe (holy)
rCold   + + +        (shield currently unavailable)
rNeg    + + +        j - +8 orange crystal plate armour {Archmagi, Int+3 Clar}
rPois   +            (helmet restricted)
rElec   +            L - +1 cloak {Will+}
rCorr   +            V - +0 pair of gloves of Courage {rElec rN+ MP-9 Stlth+}
SInv    +            r - +1 pair of boots {Fly}
Will    +++..        Z - amulet of Sif Muna's Hatred {Spirit rC++ rN+}
Stlth   x              - ring of the Bursted God {rElec rPois rC+ Int+3 Stlth+}
HPRegen 0.00/turn    w - ring "Waecess" {rF++ EV+5 SInv}
MPRegen 0.17/turn

%: clarity, guardian spirit, archmagi
@: resistant, flying, inhibited regen, glowing
A: horns 2, clarity, clumsy 2, dopey 2, low MP 2, screaming 1, electricity
resistance, inhibited regeneration, teleportitis 1, no potion heal 2, inability
to drink after injury 1
}: 5/15 runes: decaying, serpentine, slimy, silver, abyssal
a: Renounce Religion, Divine Shield, Cleansing Flame, Summon Divine Warrior


You were on level 5 of the Realm of Zot.
You worshipped the Shining One.
The Shining One was exalted by your worship.
You visited 14 branches of the dungeon, and saw 58 of its levels.
You visited the Abyss 2 times.
You visited 1 bazaar.
You also visited: Trove, Gauntlet, Ice Cave and Wizlab.

You collected 9464 gold pieces.
You spent 4346 gold pieces at shops.

Inventory:

Hand Weapons
 a - a +9 executioner's axe of freezing
 b - a +9 executioner's axe of holy wrath (weapon)
 y - the +5 great mace of Nyivyeci {spect, rElec Int-5 Dex+6}
   (You bought it in a shop on level 1 of the Orcish Mines)

   Int:       It affects your intelligence (-5).
   Dex:       It affects your dexterity (+6).
   rElec:     It insulates you from electricity.
 Q - a +2 vampiric battleaxe
 W - a +2 heavy battleaxe
Armour
 j - the +8 orange crystal plate armour (worn) {Archmagi, Int+3 Clar}
   (You took it off a deep elf blademaster on level 3 of the Elven Halls)

   Int:       It affects your intelligence (+3).
   Clar:      It protects you from confusion, rage, mesmerisation and fear.
 r - a +1 pair of boots of flying (worn)
 u - a +2 helmet of see invisible
 L - a +1 cloak of willpower (worn)
 U - a +6 crystal plate armour of cold resistance
 V - the +0 pair of gloves of Courage (worn) {rElec rN+ MP-9 Stlth+}
   (You found it in a wizard's laboratory)

   rElec:     It insulates you from electricity.
   rN:        It protects you from negative energy.
   MP:        It affects your magic capacity (-9).
   Stlth:     It makes you more stealthy.
Jewellery
 e - a ring of ice
 p - a ring of Guck {Contam +Blink rPois rCorr MP-9}
   (You found it in a treasure trove)

   [ring of resist corrosion]

   rPois:     It protects you from poison.
   MP:        It affects your magic capacity (-9).
   +Blink:    It lets you blink.
   Contam:    It causes magical contamination when unequipped.
   rCorr:     It protects you from acid and corrosion.
 w - the ring "Waecess" (right hand) {rF++ EV+5 SInv}
   (You found it in a treasure trove)

   [ring of evasion]

   EV:        It affects your evasion (+5).
   rF:        It greatly protects you from fire.
   SInv:      It lets you see invisible.
 x - the ring of the Bursted God (left hand) {rElec rPois rC+ Int+3 Stlth+}
   (You found it on level 5 of the Pits of Slime)

   [ring of poison resistance]

   Int:       It affects your intelligence (+3).
   rC:        It protects you from cold.
   rElec:     It insulates you from electricity.
   rPois:     It protects you from poison.
   Stlth:     It makes you more stealthy.
 z - the ring of the Jester {rF+ rCorr Str+3 Dex+3}
   (You acquired it on level 8 of the Dungeon)

   [ring of protection from fire]

   Str:       It affects your strength (+3).
   Dex:       It affects your dexterity (+3).
   rF:        It protects you from fire.
   rCorr:     It protects you from acid and corrosion.
 C - the ring "Fueclyuq" {rElec rCorr Int+6 Slay+3}
   (You took it off a deep elf knight on level 3 of the Elven Halls)

   [ring of intelligence]

   Int:       It affects your intelligence (+6).
   Slay:      It affects your accuracy & damage with ranged weapons and melee
   (+3).
   rElec:     It insulates you from electricity.
   rCorr:     It protects you from acid and corrosion.
 E - a +6 ring of dexterity
 H - an amulet of regeneration
 M - a +4 ring of protection
 R - the ring "Wojinyeg" {rPois rN++ EV+5 Dex-4 Stlth+}
   (You found it in a treasure trove)

   [ring of evasion]

   EV:        It affects your evasion (+5).
   Dex:       It affects your dexterity (-4).
   rPois:     It protects you from poison.
   rN:        It greatly protects you from negative energy.
   Stlth:     It makes you more stealthy.
 Z - the amulet of Sif Muna's Hatred (around neck) {Spirit rC++ rN+}
   (You took it off a yaktaur captain on level 5 of the Vaults)

   [amulet of guardian spirit]

   It causes incoming damage to be divided between your reserves of health and
   magic.
   rC:        It greatly protects you from cold.
   rN:        It protects you from negative energy.
Wands
 f - a wand of charming (19)
 A - a wand of iceblast (11)
 B - a wand of digging (13)
 D - a wand of acid (52)
 I - a wand of polymorph (40)
Scrolls
 d - 2 scrolls of fog (quivered)
 h - 15 scrolls of immolation
 k - 3 scrolls of butterflies
 n - 4 scrolls of enchant armour
 o - 11 scrolls of noise
 q - 7 scrolls of torment
 s - 8 scrolls of teleportation
 t - 10 scrolls of vulnerability
 G - 5 scrolls of fear
 J - 4 scrolls of enchant weapon
 N - 9 scrolls of poison
 T - 4 scrolls of amnesia
 Y - 6 scrolls of magic mapping
Potions
 c - 4 potions of resistance
 g - 5 potions of curing
 i - 3 potions of berserk rage
 m - 5 potions of invisibility
 v - 3 potions of magic
 F - 13 potions of attraction
 K - 7 potions of flight
 P - 7 potions of haste
 S - 2 potions of brilliance
 X - a potion of experience
Miscellaneous
 l - a lightning rod (4/4)
 O - the horn of Geryon


   Skills:
 O Level 27 Fighting
 O Level 27 Axes
 + Level 12.3(19.1) Maces & Flails
 O Level 27 Armour
 + Level 20.9 Dodging
 - Level 4.3 Spellcasting
 + Level 19.2 Invocations
 + Level 17.7 Evocations


You had 34 spell levels left.
You didn't know any spells.
Your spell library contained the following spells:

 Spells                   Type           Power      Damage    Failure   Level
 Kiss of Death            Conj/Necr      8%         2d6       75%         1
 Magic Dart               Conj           8%         1d3       75%         1
 Sandblast                Erth           4%         2d4       75%         1
 Sting                    Tmut/Pois      8%         1d3       75%         1
 Ensorcelled Hibernation  Hex/Ice        4%         N/A       86%         2
 Passwall                 Tmut/Erth      1%         N/A       86%         2
 Poisonous Vapours        Pois/Air       4%         N/A       86%         2
 Searing Ray              Conj           4%         2d4       86%         2
 Static Discharge         Conj/Air       4%         2-3/arc   86%         2
 Call Canine Familiar     Summ           2%         N/A       98%         3
 Confusing Touch          Hex            2%         N/A       98%         3
 Dazzling Flash           Conj/Hex       4%         N/A       98%         3
 Hailstorm                Conj/Ice       2%         3d3       98%         3
 Mephitic Cloud           Conj/Pois/Air  2%         N/A       98%         3
 Ozocubu's Armour         Ice            2%         N/A       98%         3
 Portal Projectile        Hex/Tloc       4%         N/A       98%         3
 Spider Form              Tmut/Pois      2%         N/A       98%         3
 Stone Arrow              Conj/Erth      4%         3d7       98%         3
 Swiftness                Air            2%         N/A       98%         3
 Vhi's Electric Charge    Tloc/Air       4%         N/A       98%         3
 Animate Armour           Summ/Erth      4%         N/A       100%        4
 Dispel Undead            Necr           2%         3d7       100%        4
 Fulminant Prism          Conj/Hex       1%         3d5       100%        4
 Iskenderun's Mystic Bla  Conj/Tloc      2%         2d3       100%        4
 Leda's Liquefaction      Hex/Erth       1%         N/A       100%        4
 Olgreb's Toxic Radiance  Pois           2%         N/A       100%        4
 Petrify                  Tmut/Erth      2%         N/A       100%        4
 Summon Ice Beast         Ice/Summ       2%         N/A       100%        4
 Summon Lightning Spire   Summ/Air       2%         N/A       100%        4
 Agony                    Necr           2%         N/A       100%        5
 Arcjolt                  Conj/Air       1%         1d11      100%        5
 Blade Hands              Tmut           1%         N/A       100%        5
 Irradiate                Conj/Tmut      1%         3d12      100%        5
 Metabolic Englaciation   Hex/Ice        1%         N/A       100%        5
 Silence                  Hex/Air        1%         N/A       100%        5
 Summon Forest            Summ/Tloc      1%         N/A       100%        5
 Summon Mana Viper        Hex/Summ       2%         N/A       100%        5
 Conjure Ball Lightning   Conj/Air       1%         3x3d6     100%        6
 Iron Shot                Conj/Erth      1%         9d1       100%        6
 Simulacrum               Ice/Necr       1%         N/A       100%        6
 Summon Cactus Giant      Summ           1%         N/A       100%        6
 Dragon Form              Tmut           1%         N/A       100%        7
 Ozocubu's Refrigeration  Ice            1%         4d7       100%        7
 Storm Form               Tmut/Air       1%         N/A       100%        7
 Discord                  Hex            1%         N/A       100%        8
 Disjunction              Tloc           1%         N/A       100%        8
 Maxwell's Capacitive Co  Air            1%         ∞         100%        8
 Necromutation            Tmut/Necr      1%         N/A       100%        8
 Polar Vortex             Ice            1%         N/A       100%        9


Dungeon Overview and Level Annotations

Branches:
Dungeon (15/15)            Temple (0/1) D:7            Lair (5/5) D:9
  Swamp (4/4) Lair:3        Snake (4/4) Lair:3        Slime (5/5) Lair:4
    Orc (2/2) D:11            Elf (3/3) Orc:2        Vaults (5/5) D:14
  Crypt (3/3) Vaults:3       Tomb (1/3) Crypt:3      Depths (4/4) D:15
   Hell (visited)             Dis (0/7) Hell            Geh (0/7) Hell
    Coc (1/7) Hell            Tar (0/7) Hell            Zot (5/5) Depths:4
  IceCv (visited)          WizLab (visited)         Gauntlet (visited)

Altars:
Cheibriados
Dithmenos
Elyvilon
Gozag
Hepliaklqana
Kikubaaqudgha
Makhleb
Nemelex Xobeh
Okawaru
Qazlal
Ru
Trog
Vehumet
Xom
Yredelemnul
Zin
The Shining One
Jiyva

Shops:
D:7 [   D:10 *   Orc:1 *   Orc:2 [*(*   Elf:1 !((![=*   Elf:2 =:   Elf:3 =:=(
Vaults:1 [   Vaults:2 (   Depths:4 :?

Portals:
Hell: Depths:1 Depths:2 Depths:3 Depths:4
Abyss: Zot:1 Depths:1 Depths:3
Pandemonium: Depths:2 Depths:3
Ziggurat: Depths:2

Annotations:
D:8 4 transporters
Zot:1 2 transporters, Yklao's ghost, veteran FeEn
Zot:2 exclusion: 2 oklob plants


Innate Abilities, Weirdness & Mutations

You have a pair of horns on your head.
You possess an exceptional clarity of mind.
You are very clumsy. (Dex -4)
You are very dopey. (Int -4)
Your magical capacity is very low. (-20% MP)
You occasionally shout uncontrollably at your foes.
You are resistant to electric shocks. (rElec)
You do not regenerate when monsters are visible.
You are occasionally teleported next to monsters.
Potions cannot restore your health.
You occasionally lose the ability to drink potions when taking damage.


Message History

The orb of fire emits a lurid red light.
The bolt of fire hits you. You resist.
* * * LOW HITPOINT WARNING * * *
You barely miss the orb of fire. You slash the Orb Guardian!
You chop the ghost moth into pieces!!!
You kill the ghost moth!
The Orb Guardian hits you!
* * * LOW HITPOINT WARNING * * *
You closely miss the orb of fire.
You headbutt the orb of fire, but do no damage.
You barely miss the Orb Guardian. The Orb Guardian completely misses you.
You slash the orb of fire! Your headbutt misses the orb of fire.
The orb of fire is lightly damaged.
You slice the Orb Guardian!!
The Orb Guardian hits you but does no damage.
You closely miss the orb of fire. Your headbutt misses the orb of fire.
The orb of fire is lightly damaged.
You barely miss the Orb Guardian. The Orb Guardian hits you.
* * * LOW HITPOINT WARNING * * *
You hit the orb of fire but do no damage.
The orb of fire is lightly damaged.
You slice the Orb Guardian!! The Orb Guardian completely misses you.
You hit the orb of fire. You headbutt the orb of fire.
The orb of fire is lightly damaged.
You slice the Orb Guardian!!
You kill the Orb Guardian!
You cut the orb of fire into ribbons!!! Your headbutt misses the orb of fire.
The orb of fire is heavily damaged.
You miss the orb of fire.
The orb of fire is heavily damaged.
The orb of fire emits a lurid red light.
The bolt of fire hits you! You resist.
* * * LOW HITPOINT WARNING * * *
You slash the orb of fire!
The orb of fire is heavily damaged.
You closely miss the orb of fire.
The orb of fire is heavily damaged.
The orb of fire glows red.
The fireball explodes!
The fireball engulfs you. You resist.
You die...

#. #########
..
##.......^
...
##.........
..^.
##..........
....
#....^......
....
#....^......
#...........
#...†.......
#..@........
#...*.......
##..........
##.........
^.........
▓▓▓▓▓▓▓▓##


You could see an orb of fire.

Vanquished Creatures
  the Royal Jelly (Slime:5)
  4 dread liches
  Khufu (Crypt:2)
  An orb of fire (Depths:4)
  4 ancient liches
  Mennas (Vaults:3)
  4 juggernauts
  4 royal mummies
  Josephina (Zot:4)
  A curse toe (Zot:5)
  Vashnia (Snake:3)
  Xtahua (Vaults:4)
  2 caustic shrikes (Depths:2)
  9 golden dragons
  Geryon (Hell)
  Nikola (D:15)
  2 bone dragons
  A shard shrike zombie (Crypt:3)
  A hellephant (Abyss:2)
  2 electric golems
  A walking earthen tome (Depths:2)
  18 tentacled monstrosities
  4 titans
  8 Orb Guardians (Zot:5)
  Asterion (Vaults:3)
  10 liches
  23 acid blobs
  3 deep elf blademasters
  6 ancient champions
  10 quicksilver dragons
  A walking divine tome (Depths:2)
  A deep elf master archer (Elf:3)
  An Executioner (Abyss:5)
  The ghost of Flure the Black Belt, an adept MeTm of Gozag (Swamp:2)
  Agnes (D:14)
  11 death cobs
  2 thorn hunters (Swamp:3)
  14 sphinxes
  2 tentacled starspawn
  Frances (D:13)
  Kirke (Swamp:3)
  10 tengu reavers
  4 draconian monks
  16 storm dragons
  3 revenants
  12 azure jellies
  12 shadow dragons
  Donald (Orc:2)
  10 rockslimes
  A fenstrider witch (Swamp:4)
  2 nagarajas
  19 fire giants
  4 draconian knights
  An iron dragon (Vaults:5)
  2 narguns (Coc:1)
  5 balrugs
  4 draconian shifters
  10 frost giants
  A curse skull (Crypt:2)
  5 deep elf sorcerers
  9 draconian scorchers
  Aizul (Elf:1)
  5 draconian stormcallers
  16 vault wardens
  4 ghost moths
  8 ghouls
  A spectral juggernaut (Crypt:3)
  3 angels
  21 ironbound preservers
  A cacodemon (Abyss:3)
  2 ophanim (Abyss:5)
  2 caustic shrike skeletons
  5 draconian annihilators
  A broodmother (Lair:4)
  17 very ugly things
  7 war gargoyles
  3 deep elf elementalists
  5 reapers
  The ghost of Caotz the Severer, a journeyman MiBe of Trog (Lair:5)
  3 spriggan defenders (Depths:2)
  9 green draconians
  2 elemental wellsprings (Coc:1)
  11 quicksilver oozes
  A juggernaut skeleton (Crypt:1)
  12 ironbound thunderhulks
  5 vampire knights
  20 stone giants
  3 putrid mouths
  3 eleionomae
  13 purple draconians
  9 black draconians
  6 deep elf demonologists
  4 bennus (Tomb:1)
  6 spark wasps
  4 bunyips
  16 dire elephants
  4 iron golems
  2 wendigos (Coc:1)
  10 deep elf annihilators
  11 red draconians
  A minotaur (Gauntlet)
  8 white draconians
  13 yellow draconians
  5 ettins
  A merfolk javelineer (Depths:2)
  A green death (Hell)
  6 crystal guardians
  2 blizzard demons (Hell)
  11 yaktaur captains
  3 spectral quicksilver dragons (Crypt:3)
  A merfolk impaler (Depths:4)
  8 deep elf death magi
  15 mummy priests
  5 fire dragons
  9 eidola
  7 deep elf high priests
  3 spectral spriggans (Crypt:3)
  3 entropy weavers
  7 great orbs of eyes
  Snorg (D:12)
  12 jiangshi
  12 ice dragons
  11 hydras
  5 rakshasas
  Fannar (D:10)
  3 shambling mangroves
  2 salamander tyrants
  9 peacekeepers
  6 ironbound frosthearts
  2 hell beasts (Hell)
  5 catoblepae
  A merfolk avatar (Lair:5)
  15 centaur warriors
  33 vault guards
  3 ogre magi (Vaults:5)
  A spectral stone giant (Crypt:3)
  A juggernaut simulacrum (Coc:1)
  A ghost crab (Swamp:4)
  3 death knights
  5 spriggan air magi
  Erica (D:8)
  8 anacondas
  5 tengu warriors
  16 two-headed ogres
  10 naga warriors
  5 alligators
  9 hell hogs
  42 dancing weapons
  The ghost of jaiteiro the Destroyer, a novice DrCj (D:8)
  4 spriggan berserkers
  11 deep troll earth magi
  11 deep troll shamans
  A titan zombie (Crypt:1)
  7 shock serpents
  8 boulder beetles
  9 naga sharpshooters
  10 vampire magi
  6 death yaks (Lair:2)
  A spectral dire elephant (Crypt:3)
  15 large abominations
  8 thrashing horrors
  3 orc high priests (Orc:2)
  10 sun demons
  Urug (Lair:2)
  6 soul eaters
  11 spriggans
  10 hell knights
  2 skysharks
  3 spectral storm dragons (Crypt:3)
  A crystal echidna (Depths:3)
  26 deep elf knights
  A spectral bunyip (Crypt:3)
  2 wretched stars
  14 shadow wraiths
  2 salamander mystics
  26 skeletal warriors
  A sea snake (shapeshifter) (Elf:3)
  7 iron trolls
  9 goliath frogs
  3 sixfirhies
  2 fire crabs (Swamp:4)
  A bunyip zombie (Crypt:3)
  3 spriggan druids
  A golden dragon zombie (Crypt:2)
  5 sea snakes
  60 deep trolls
  2 ghost moth zombies
  A glowing orange brain (shapeshifter) (Vaults:5)
  2 orange crystal statues
  16 flayed ghosts
  4 bog bodies
  9 deep elf archers
  5 glowing orange brains
  A spectral anaconda (Crypt:3)
  7 wizards
  6 naga ritualists
  A shadow demon (Hell)
  An obsidian statue (Zot:2)
  10 lindwurms
  9 swamp dragons
  A spriggan simulacrum (Crypt:3)
  18 ironbound convokers
  Pikel (D:6)
  16 phantasmal warriors
  23 harpies
  27 deep elf zephyrmancers
  2 iron dragon zombies
  An anaconda skeleton (Tomb:1)
  7 orc knights
  7 necromancers
  An eleionoma zombie (Crypt:2)
  37 deep elf pyromancers
  8 shining eyes
  A manticore (shapeshifter) (Depths:2)
  8 oklob plants
  7 mana vipers
  A tengu skeleton (Vaults:3)
  A wolf spider (Vaults:3)
  6 orc sorcerers
  19 cyclopes
  40 ugly things
  22 moths of wrath
  3 will-o-the-wisps
  6 manticores
  A spectral alligator snapping turtle (Crypt:3)
  12 salamanders
  A stone giant skeleton (Vaults:4)
  2 worldbinders
  A fire giant skeleton (Vaults:3)
  6 smoke demons
  2 eyes of devastation
  31 elephants
  15 naga magi
  16 vault sentinels
  2 ice statues (IceCv)
  8 guardian serpents
  31 black mambas
  A torpor snail (Lair:5)
  A demonic crawler (Hell)
  Joseph (D:10)
  7 molten gargoyles
  11 gargoyles
  7 cane toads
  2 storm dragon simulacra
  A titan simulacrum (Crypt:3)
  A green draconian zombie (Crypt:3)
  An orange demon (Abyss:3)
  2 elf zombies (Vaults:3)
  A hellion (Hell)
  An orc skeleton (Crypt:2)
  18 freezing wraiths
  A centaur skeleton (Crypt:1)
  3 efreet
  7 komodo dragons
  A komodo dragon (shapeshifter) (Vaults:3)
  Maggie (D:7)
  A yaktaur zombie (Vaults:3)
  A catoblepas zombie (Crypt:2)
  2 rime drakes
  5 tengu conjurers
  5 ice devils (IceCv)
  20 yaktaurs
  3 anaconda simulacra (IceCv)
  A bunyip simulacrum (Coc:1)
  2 yaktaurs (shapeshifter)
  2 ancient zymes
  A queen bee (shapeshifter) (D:14)
  2 golden dragon simulacra
  An elf skeleton (Vaults:4)
  16 guardian mummies
  A harpy zombie (Crypt:1)
  A hydra zombie (Crypt:1)
  3 spectral harpies (Crypt:3)
  11 trolls
  A shadow dragon simulacrum (Zot:4)
  A yaktaur skeleton (Vaults:3)
  3 meliai (Gauntlet)
  A tyrant leech (shapeshifter) (Vaults:5)
  12 polar bears
  10 tyrant leeches
  20 hornets
  A harpy skeleton (Crypt:1)
  Prince Ribbit (D:6)
  2 moth of wrath zombies
  A mana viper skeleton (Crypt:3)
  A stone giant simulacrum (Coc:1)
  15 raiju
  A dream sheep (shapeshifter) (Vaults:5)
  Grinder (D:4)
  A fire dragon zombie (Crypt:2)
  A snapping turtle (Lair:5)
  A culicivora zombie (Crypt:1)
  43 blink frogs
  107 slime creatures
  Sigmund (D:6)
  A fire dragon skeleton (Crypt:1)
  A culicivora (shapeshifter) (Elf:2)
  2 air elementals
  2 deep troll skeletons
  A wyvern (Lair:5)
  4 shadows
  5 wraiths
  2 centaur simulacra
  13 flying skulls
  16 water elementals
  4 hogs
  A ynoxinul (Abyss:2)
  32 yaks
  2 dire elephant simulacra
  10 fire elementals
  A human (D:11)
  An ettin skeleton (Crypt:2)
  8 golden eyes
  10 steam dragons
  A wind drake skeleton (Crypt:2)
  3 fire bats (Gauntlet)
  8 vampire mosquitoes
  5 basilisks
  6 redbacks
  A green draconian simulacrum (Zot:4)
  A neqoxec (Abyss:5)
  Eustachio (D:5)
  Menkaure (D:4)
  2 chaos spawn
  7 harpy simulacra
  A redback (shapeshifter) (Depths:2)
  Edmund (D:6)
  2 acid dragons (D:12)
  37 nagas
  A faun zombie (Crypt:1)
  16 swamp worms
  A warg (Orc:2)
  3 hydra simulacra (IceCv)
  An entropy weaver zombie (Crypt:1)
  6 hell hounds
  12 water moccasins
  Duvessa (D:5)
  A glowing shapeshifter skeleton (Vaults:3)
  10 swamp drakes
  A naga skeleton (Crypt:1)
  2 ice beasts (D:5)
  9 black bears
  A sky beast (D:8)
  A swamp dragon zombie (Crypt:1)
  20 orc warriors
  3 small abominations
  An ettin simulacrum (Coc:1)
  A black mamba simulacrum (Coc:1)
  17 ogres
  A black bear (shapeshifter) (Vaults:5)
  9 boggarts
  6 wolves (Lair:3)
  A phantom (D:6)
  7 centaurs
  The ghost of jacobus the Digger, an amateur GnEE (D:3)
  A swamp dragon skeleton (Crypt:2)
  A manticore skeleton (Crypt:3)
  2 lemures (D:6)
  2 kobold brigands
  A salamander zombie (Crypt:1)
  Blork the orc (D:6)
  13 bullfrogs
  4 necrophages
  A scorpion (D:6)
  A cane toad simulacrum (IceCv)
  A glowing shapeshifter simulacrum (Vaults:3)
  5 earth elementals
  19 wights
  Dowan (D:5)
  2 spriggan zombies (Crypt:1)
  18 killer bees
  A shapeshifter skeleton (Crypt:3)
  A polar bear skeleton (Crypt:2)
  A troll skeleton (Crypt:2)
  3 howler monkeys (D:8)
  5 electric eels
  A yak skeleton (Crypt:2)
  A lava snake (D:7)
  A wolf skeleton (Crypt:1)
  6 jellies
  17 orc priests
  9 starcursed masses
  A bullfrog skeleton (Crypt:1)
  A gnoll bouda (D:4)
  4 hounds
  2 iguanas
  Ijyb (D:3)
  A sleepcap (D:6)
  Jessica (D:3)
  Terence (D:3)
  2 hell rats (Lair:1)
  Natasha (twice) (D:4)
  19 orc wizards
  4 lightning spires
  A deep dwarf zombie (Crypt:1)
  An ogre zombie (Crypt:1)
  6 mummies (Tomb:1)
  Robin (D:4)
  17 gnolls
  11 river rats (Lair:1)
  A steam dragon zombie (Crypt:2)
  7 adders
  2 naga simulacra (IceCv)
  2 shadow imps (D:6)
  A white imp (D:6)
  4 ufetubi
  4 dart slugs
  46 orcs
  3 ball pythons
  6 bats
  10 endoplasms
  7 giant cockroaches
  15 goblins
  13 hobgoblins
  6 jackals (D:3)
  15 kobolds
  2 quokkas (D:1)
  4 frilled lizards
  7 rats
  A lurking horror (Abyss:3)
  3 spectral weapons (Vaults:3)
  A starspawn tentacle (Abyss:5)
2707 creatures vanquished.

Vanquished Creatures (collateral kills)
  A golden dragon (Vaults:5)
  A lich (Tomb:1)
  A deep elf master archer (Elf:3)
  A war gargoyle (Vaults:4)
  An eleionoma (Swamp:3)
  A bunyip (Swamp:2)
  A spark wasp (Depths:2)
  A deep elf death mage (Elf:3)
  A jiangshi (Abyss:5)
  A mummy priest (Tomb:1)
  A deep elf high priest (Elf:3)
  3 yaktaur captains (Vaults:4)
  2 hydras (Swamp:4)
  A spriggan air mage (Depths:2)
  A naga warrior (Snake:1)
  3 naga sharpshooters
  A crystal echidna (Depths:3)
  A sun demon (Abyss:5)
  A wretched star (Abyss:5)
  2 cherubim (Abyss:5)
  A spriggan druid (Swamp:1)
  A swamp dragon (Swamp:2)
  A necromancer (Vaults:4)
  A deep elf zephyrmancer (Elf:2)
  4 ugly things (Depths:2)
  2 naga magi
  An apocalypse crab (Abyss:5)
  A tormentor (Coc:1)
  2 yaktaurs (Vaults:4)
  A komodo dragon (Lair:5)
  A tyrant leech (Swamp:1)
  A wind drake (Lair:5)
  A stone giant simulacrum (Coc:1)
  4 slime creatures
  A snapping turtle (Lair:5)
  A fire elemental (Swamp:4)
  A hog (Swamp:3)
  A steam dragon (Swamp:4)
  A starcursed mass (Abyss:5)
  A mummy (Tomb:1)
  2 lurking horrors (Abyss:5)
  A starspawn tentacle (Abyss:5)
57 creatures vanquished.

Vanquished Creatures (others)
  Louise (Depths:3)
  A hydra (Swamp:4)
  An ogre mage (D:15)
  2 alligators (Swamp:1)
  A hell knight (Depths:3)
  2 goliath frogs
  A harpy (Vaults:4)
  A deep elf zephyrmancer (Elf:1)
  A titan simulacrum (Coc:1)
  A storm dragon simulacrum (Coc:1)
  8 bloated husks
  2 blink frogs (Abyss:5)
  2 slime creatures
  An air elemental (Elf:2)
  A naga simulacrum (Coc:1)
  A centaur simulacrum (Coc:1)
  A water elemental (Depths:4)
  A dire elephant simulacrum (Coc:1)
  A human (Swamp:3)
  2 starcursed masses (Abyss:5)
  A chaos spawn (Abyss:2)
  A steam dragon (Swamp:4)
  A naga (Snake:1)
  A floating eye (Depths:1)
  2 swamp drakes (Swamp:4)
  An ettin simulacrum (Coc:1)
  2 boggarts (D:15)
  An ufetubus (Abyss:2)
  8 foxfires (Swamp:1)
  A lurking horror (Abyss:5)
  7 starspawn tentacles
58 creatures vanquished.

Grand Total: 2822 creatures vanquished

Notes
Turn   | Place    | Note
-------+----------+-------------------------------------------
     0 | D:1      | shamsi the Hill Orc Berserker began the quest for the Orb.
     0 | D:1      | Reached XP level 1. HP: 19/19 MP: 1/1
   242 | D:1      | Reached XP level 2. HP: 27/27 MP: 2/2
   577 | D:1      | Reached XP level 3. HP: 33/33 MP: 3/3
   595 | D:1      | Reached ** piety under Trog
  1202 | D:2      | Identified the +6 whip of the Present {drain, Dex+3}
  1315 | D:2      | Reached XP level 4. HP: 40/40 MP: 4/4
  1614 | D:3      | Noticed Jessica
  1626 | D:3      | Killed Jessica
  1627 | D:3      | Reached skill level 5 in Axes
  1813 | D:3      | Noticed Terence
  1822 | D:3      | Killed Terence
  1823 | D:3      | Reached XP level 5. HP: 47/47 MP: 5/5
  2011 | D:3      | Noticed Ijyb
  2021 | D:3      | Killed Ijyb
  2204 | D:3      | Found a runed translucent door.
  2204 | D:3      | Noticed jacobus's ghost (amateur GnEE)
  2224 | D:3      | Killed jacobus's ghost
  2225 | D:3      | Reached skill level 5 in Fighting
  2225 | D:3      | Reached XP level 6. HP: 56/56 MP: 6/6
  2697 | D:4      | Noticed Robin
  2706 | D:4      | Reached *** piety under Trog
  2710 | D:4      | Killed Robin
  2715 | D:5      | Entered Level 5 of the Dungeon
  2974 | D:4      | Noticed a black bear
  2984 | D:4      | Killed a black bear
  2985 | D:4      | Reached XP level 7. HP: 39/61 MP: 7/7
  3244 | D:4      | Noticed Grinder
  3257 | D:4      | Killed Grinder
  3258 | D:4      | Reached skill level 5 in Armour
  3407 | D:4      | Noticed Menkaure
  3414 | D:4      | Killed Menkaure
  3415 | D:4      | Reached XP level 8. HP: 71/71 MP: 8/8
  3506 | D:4      | Noticed Natasha
  3511 | D:4      | Killed Natasha
  3852 | D:4      | Noticed Natasha
  3858 | D:4      | Killed Natasha
  4052 | D:5      | Found Coyppiuv's Armour Emporium.
  4072 | D:5      | Noticed Dowan
  4072 | D:5      | Noticed Duvessa
  4081 | D:5      | Killed Duvessa
  4095 | D:5      | Killed Dowan
  4142 | D:5      | Found an iron altar of Okawaru.
  4301 | D:5      | Found a shimmering altar of Xom.
  4303 | D:5      | Noticed an angel
  4304 | D:5      | Noticed Eustachio
  4314 | D:5      | Killed Eustachio
  4502 | D:5      | Found a glowing golden altar of the Shining One.
  4503 | D:5      | Found an ancient bone altar of Kikubaaqudgha.
  4505 | D:5      | Found a stormy altar of Qazlal.
  4510 | D:5      | Reached XP level 9. HP: 78/79 MP: 9/9
  4514 | D:5      | Found a white marble altar of Elyvilon.
  4515 | D:5      | Found an opulent altar of Gozag.
  4516 | D:5      | Found a sparkling altar of Nemelex Xobeh.
  4519 | D:5      | Found a radiant altar of Vehumet.
  4748 | D:5      | Found a glowing silver altar of Zin.
  4802 | D:5      | Reached skill level 5 in Dodging
  4846 | D:6      | Noticed Blork the orc
  4854 | D:6      | Killed Blork the orc
  4947 | D:6      | Noticed Prince Ribbit
  4962 | D:6      | Killed Prince Ribbit
  5087 | D:6      | Found a burning altar of Makhleb.
  5097 | D:6      | Noticed Pikel
  5112 | D:6      | Killed Pikel
  5169 | D:6      | Noticed Sigmund
  5174 | D:6      | Killed Sigmund
  5434 | D:6      | Reached XP level 10. HP: 91/91 MP: 10/10
  5435 | D:6      | Reached skill level 10 in Axes
  5436 | D:6      | Reached **** piety under Trog
  5625 | D:6      | Found a shadowy altar of Dithmenos.
  5625 | D:6      | Found a snail-covered altar of Cheibriados.
  5663 | D:6      | Noticed Edmund
  5672 | D:6      | Killed Edmund
  6106 | D:7      | Found a staircase to the Ecumenical Temple.
  6845 | D:7      | Found Ekhyaq's Armour Shop.
  6918 | D:7      | Noticed Maggie
  6932 | D:7      | Killed Maggie
  7097 | D:7      | Reached skill level 10 in Fighting
  7431 | D:8      | Reached skill level 1 in Evocations
  7447 | D:8      | Noticed Erica
  7469 | D:8      | Killed Erica
  7515 | D:8      | Reached XP level 11. HP: 46/101 MP: 11/11
  7870 | D:8      | Found a sacrificial altar of Ru.
  8029 | D:8      | Found a runed translucent gate.
  8029 | D:8      | Found a runed translucent gate.
  8029 | D:8      | Found a runed translucent gate.
  8032 | D:8      | Noticed jaiteiro's ghost (novice DrCj)
  8036 | D:8      | Found a viscous altar of Jiyva.
  8105 | D:8      | Killed jaiteiro's ghost
  8257 | D:8      | Reached skill level 10 in Armour
  8274 | D:8      | Identified a scroll of acquirement
  8277 | D:8      | Acquired the ring of the Jester {rF+ rCorr Str+3 Dex+3}
  8385 | D:8      | Found a transporter.
  8407 | D:8      | Found a transporter.
  8407 | D:8      | Found a transporter.
  8433 | D:8      | Found a transporter.
  8547 | D:9      | Noticed a tengu warrior
  8548 | D:9      | Noticed a tengu warrior
  8606 | D:8      | Killed a tengu warrior
  8855 | D:9      | Killed a tengu warrior
  9160 | D:9      | Found a staircase to the Lair.
  9893 | Lair:1   | Entered Level 1 of the Lair of Beasts
  9927 | D:10     | Entered Level 10 of the Dungeon
  9931 | D:10     | Noticed a two-headed ogre
  9937 | D:10     | Killed a two-headed ogre
  9939 | D:10     | Noticed Fannar
 10021 | D:10     | Killed Fannar
 10743 | D:10     | Found a transporter.
 10764 | D:10     | Reached XP level 12. HP: 89/110 MP: 12/12
 10804 | D:10     | Noticed Joseph
 10816 | D:10     | Killed Joseph
 10959 | D:10     | Reached skill level 5 in Evocations
 11184 | D:10     | Found a transporter.
 11188 | D:10     | Found Izer's Assorted Antiques.
 11776 | D:11     | Found a staircase to the Orcish Mines.
 12165 | D:11     | Reached ***** piety under Trog
 12219 | D:11     | Identified the staff of cold "Tytadiz" {rPois rC+ Str-4
                  | Int-5 Dex+8}
 12675 | D:12     | Noticed a two-headed ogre
 12681 | D:12     | Killed a two-headed ogre
 13214 | D:12     | Noticed Snorg
 13229 | D:12     | Killed Snorg
 13721 | D:13     | Noticed a centaur warrior
 13732 | D:13     | Killed a centaur warrior
 14417 | Lair:1   | Reached XP level 13. HP: 119/119 MP: 13/13
 15144 | Lair:2   | Found a gate leading to a gauntlet.
 15153 | Gauntlet | Entered a Gauntlet
 15153 | Gauntlet | Found a transporter.
 15165 | Gauntlet | Found a transporter.
 15168 | Gauntlet | Found a transporter.
 15169 | Gauntlet | Found a transporter.
 15177 | Gauntlet | Found a transporter.
 15180 | Gauntlet | Found a transporter.
 15181 | Gauntlet | Found a transporter.
 15189 | Gauntlet | Found a transporter.
 15192 | Gauntlet | Found a transporter.
 15193 | Gauntlet | Found a transporter.
 15280 | Gauntlet | Found a transporter.
 15281 | Gauntlet | Found a transporter.
 15282 | Gauntlet | Found a transporter.
 15292 | Gauntlet | Found a transporter.
 15712 | Gauntlet | Identified the ring "Ceir" {rF+ AC+4 Int+2}
 16019 | Gauntlet | Noticed a minotaur
 16031 | Gauntlet | Killed a minotaur
 16199 | Gauntlet | Gained mutation: You are frail. (-10% HP) [potion of
                  | mutation]
 16200 | Gauntlet | Lost mutation: You are frail. (-10% HP) [potion of
                  | mutation]
 16200 | Gauntlet | Gained mutation: You have sharp fingernails. [potion of
                  | mutation]
 16200 | Gauntlet | Gained mutation: You are clumsy. (Dex -2) [potion of
                  | mutation]
 16201 | Gauntlet | Lost mutation: You are clumsy. (Dex -2) [potion of
                  | mutation]
 16201 | Gauntlet | Lost mutation: You have sharp fingernails. [potion of
                  | mutation]
 16201 | Gauntlet | Gained mutation: You are agile. (Dex +4, Str/Int -1)
                  | [potion of mutation]
 16201 | Gauntlet | Gained mutation: Your body sometimes deteriorates upon
                  | taking damage. [potion of mutation]
 16201 | Gauntlet | Gained mutation: You have very sharp teeth. [potion of
                  | mutation]
 16201 | Gauntlet | Gained mutation: You are partially covered in iridescent
                  | scales. (AC +2) [potion of mutation]
 16287 | Lair:2   | Reached skill level 15 in Axes
 16762 | Lair:2   | Received a gift from Trog
 17374 | Lair:2   | Noticed Urug
 17388 | Lair:2   | Killed Urug
 17690 | Lair:3   | Reached XP level 14. HP: 121/130 MP: 14/14
 17702 | Lair:3   | Found a staircase to the Swamp.
 18271 | Lair:3   | Found a staircase to the Snake Pit.
 18410 | Snake:1  | Entered Level 1 of the Snake Pit
 18785 | Lair:4   | an eight-headed hydra changed into a broodmother
 18785 | Lair:4   | Noticed a broodmother
 18793 | Lair:4   | Killed a broodmother
 20179 | Lair:4   | Found a viscous altar of Jiyva.
 20228 | Lair:5   | Entered Level 5 of the Lair of Beasts
 20731 | Lair:5   | Noticed a dire elephant
 20761 | Lair:5   | Killed a dire elephant
 20762 | Lair:5   | Reached skill level 15 in Armour
 21009 | Lair:5   | Reached XP level 15. HP: 90/139 MP: 15/15
 21104 | Lair:5   | Reached skill level 15 in Fighting
 21373 | Lair:5   | Received a gift from Trog
 21588 | Lair:5   | Reached skill level 10 in Evocations
 22039 | Orc:1    | Entered Level 1 of the Orcish Mines
 22136 | Orc:1    | Found Ceameeq's Mass Market.
 22438 | Orc:2    | Entered Level 2 of the Orcish Mines
 22438 | Orc:2    | Found a staircase to the Elven Halls.
 22518 | Orc:2    | Noticed Donald
 22530 | Orc:2    | Killed Donald
 22614 | Orc:2    | Found a frozen archway.
 22628 | IceCv    | Entered an ice cave
 23223 | IceCv    | Identified the staff of cold "Apaen" {rC+ rN+}
 23543 | Orc:2    | Found a burning altar of Makhleb.
 23893 | Orc:2    | Identified the +7 whip of the Evil Eye {freeze, rN+}
 24065 | Orc:2    | Found Ereaxiov's Assorted Antiques.
 24070 | Orc:2    | Found Maffuohu's Assorted Antiques.
 24077 | Orc:2    | Bought a scroll of blinking for 217 gold pieces
 24077 | Orc:2    | Found Honuweme's Armour Shop.
 24079 | Orc:2    | Found Wopegg Iphes's Weapon Emporium.
 24254 | Orc:2    | Received a gift from Trog
 24569 | D:13     | Identified the +2 leather armour of Moral Flaws {rPois}
 24968 | D:13     | Noticed Frances
 24981 | D:13     | Killed Frances
 25064 | D:13     | Reached XP level 16. HP: 145/151 MP: 5/16
 25393 | D:14     | Noticed Agnes
 25401 | D:14     | Killed Agnes
 25454 | D:14     | Identified the +0 chain mail "Tuostoudgh" {Drain rF+ Int+2}
 26474 | D:14     | Found a gate to the Vaults.
 26513 | D:14     | You fall into a shaft and drop 1 floor!
 26513 | D:15     | Entered Level 15 of the Dungeon
 27014 | Abyss:2  | Cast into level 2 of the Abyss (a wizard)
 27265 | Abyss:2  | Noticed a bone dragon
 27283 | Abyss:2  | Found an ancient bone altar of Kikubaaqudgha.
 27344 | Abyss:2  | Noticed a lich
 27351 | Abyss:2  | Killed a lich
 27439 | Abyss:2  | Noticed a hellephant
 27446 | Abyss:2  | Reached ****** piety under Trog
 27460 | Abyss:2  | Found a corrupted altar of Lugonu.
 27462 | Abyss:2  | Found a corrupted altar of Lugonu.
 27831 | Abyss:2  | Noticed a hellephant
 27850 | Abyss:2  | Killed a hellephant
 27857 | Abyss:2  | Noticed a tentacled starspawn
 27863 | Abyss:2  | Killed a tentacled starspawn
 27907 | D:14     | Escaped the Abyss
 28179 | D:14     | Noticed a tengu reaver
 28186 | D:14     | Noticed a tengu reaver
 28196 | D:14     | Killed a tengu reaver
 28203 | D:14     | Killed a tengu reaver
 28607 | D:15     | Received a gift from Trog
 28790 | D:15     | Reached XP level 17. HP: 161/161 MP: 5/17
 29455 | D:15     | Found a staircase to the Depths.
 30148 | Lair:5   | Found a runed translucent door.
 30394 | Lair:5   | Found a shimmering altar of Xom.
 30394 | Lair:5   | Noticed Caotz's ghost (journeyman MiBe)
 30410 | Lair:5   | Killed Caotz's ghost
 30540 | Swamp:1  | Entered Level 1 of the Swamp
 30570 | Swamp:1  | Found a bloodstained altar of Trog.
 31019 | Swamp:1  | Identified the +2 plate armour "Ideokhargh" {Rampage}
 31267 | Swamp:1  | Received a gift from Trog
 31728 | Swamp:2  | Found a transporter.
 31740 | Swamp:2  | Found a transporter.
 31821 | Swamp:2  | Identified the +0 chain mail of Heresy {-Tele Rampage Drain
                  | SInv}
 32295 | Swamp:2  | Identified the +3 spear of Jainteha {pain, Will+ rCorr}
 32498 | Swamp:2  | Noticed Flure's ghost (adept MeTm)
 33319 | Swamp:3  | Noticed Kirke
 33331 | Swamp:3  | Killed Kirke
 33735 | Swamp:3  | Received a gift from Trog
 34538 | Swamp:4  | Entered Level 4 of the Swamp
 34697 | Swamp:4  | Paralysed by a fenstrider witch for 2 turns
 34964 | Swamp:4  | Reached XP level 18. HP: 171/171 MP: 6/18
 34974 | Swamp:4  | Reached skill level 10 in Dodging
 36130 | Swamp:4  | Got a decaying rune of Zot
 36497 | Elf:1    | Entered Level 1 of the Elven Halls
 38464 | Snake:1  | Received a gift from Trog
 42029 | Snake:3  | Reached XP level 19. HP: 181/181 MP: 6/19
 42203 | Snake:3  | Noticed Vashnia
 42241 | Snake:3  | Killed Vashnia
 43310 | Snake:4  | Entered Level 4 of the Snake Pit
 43797 | Snake:4  | Found a snail-covered altar of Cheibriados.
 44308 | Snake:4  | Received a gift from Trog
 44593 | Snake:4  | Identified the +9 falchion of Lust {freeze, rPois}
 45829 | Snake:4  | Got a serpentine rune of Zot
 45948 | Snake:4  | Lost mutation: You have very sharp teeth. [potion of
                  | mutation]
 45948 | Snake:4  | Lost mutation: You are agile. (Dex +4, Str/Int -1) [potion
                  | of mutation]
 45948 | Snake:4  | Gained mutation: You do not regenerate when monsters are
                  | visible. [potion of mutation]
 45948 | Snake:4  | Gained mutation: You are covered in fur. (AC +1) [potion of
                  | mutation]
 45949 | Snake:4  | Lost mutation: You are covered in fur. (AC +1) [potion of
                  | mutation]
 45949 | Snake:4  | Lost mutation: You are partially covered in iridescent
                  | scales. (AC +2) [potion of mutation]
 45949 | Snake:4  | Gained mutation: You are somewhat resistant to further
                  | mutation. [potion of mutation]
 45949 | Snake:4  | Gained mutation: You are partially covered in iridescent
                  | scales. (AC +2) [potion of mutation]
 45950 | Snake:4  | Lost mutation: You do not regenerate when monsters are
                  | visible. [potion of mutation]
 45950 | Snake:4  | Lost mutation: You are partially covered in iridescent
                  | scales. (AC +2) [potion of mutation]
 45950 | Snake:4  | Lost mutation: Your body sometimes deteriorates upon taking
                  | damage. [potion of mutation]
 45951 | Snake:4  | Lost mutation: You are somewhat resistant to further
                  | mutation. [potion of mutation]
 45951 | Snake:4  | Gained mutation: Your magical capacity is low. (-10% MP)
                  | [potion of mutation]
 45951 | Snake:4  | Gained mutation: Your mind is acute. (Int +4, Str/Dex -1)
                  | [potion of mutation]
 46334 | Depths:1 | Entered Level 1 of the Depths
 46334 | Depths:1 | Noticed Nikola
 46664 | D:15     | Killed Nikola
 47759 | D:15     | Received a gift from Trog
 48230 | Depths:1 | Found a one-way gate to the infinite horrors of the Abyss.
 48620 | Depths:1 | Identified the staff of air "Baroek" {+Blink rElec Str-3
                  | Dex+5}
 48816 | Depths:1 | Found a gateway to Hell.
 49290 | Elf:1    | Found Wikhlu Veffa's Antique Armour Shoppe.
 49292 | Elf:1    | Found Gyeduewk's Jewellery Shoppe.
 49292 | Elf:1    | Found Ritedgh's Antique Weapon Emporium.
 49325 | Elf:1    | Reached XP level 20. HP: 153/190 MP: 6/18
 49388 | Elf:1    | Found Cypuw's Distillery.
 49444 | Elf:1    | Bought a potion of might for 60 gold pieces
 49444 | Elf:1    | Bought a potion of curing for 45 gold pieces
 49444 | Elf:1    | Bought a potion of might for 60 gold pieces
 49445 | Elf:1    | Found Deujung's Distillery.
 49456 | Elf:1    | Bought a potion of mutation for 136 gold pieces
 49456 | Elf:1    | Lost mutation: Your magical capacity is low. (-10% MP)
                  | [potion of mutation]
 49456 | Elf:1    | Lost mutation: Your mind is acute. (Int +4, Str/Dex -1)
                  | [potion of mutation]
 49456 | Elf:1    | Gained mutation: You are frail. (-10% HP) [potion of
                  | mutation]
 49475 | Elf:1    | Bought a potion of mutation for 120 gold pieces
 49476 | Elf:1    | Lost mutation: You are frail. (-10% HP) [potion of
                  | mutation]
 49476 | Elf:1    | Gained mutation: You have large cloven feet. [potion of
                  | mutation]
 49476 | Elf:1    | Gained mutation: You possess an exceptional clarity of
                  | mind. [potion of mutation]
 49917 | Elf:1    | Found Vaogeat's Assorted Antiques.
 50346 | Elf:1    | Found Fimp's Weapon Emporium.
 50409 | Elf:1    | Noticed Aizul
 50436 | Elf:1    | Killed Aizul
 50526 | Elf:1    | Received a gift from Trog
 50913 | Elf:1    | Reached skill level 27 in Axes
 51029 | Elf:2    | Found Roprynt's Book Shoppe.
 51659 | Elf:2    | Paralysed by an air elemental for 1 turns
 51661 | Elf:2    | Paralysed by an air elemental for 1 turns
 51956 | Elf:2    | Found a runed translucent gate.
 51956 | Elf:2    | Found a runed translucent gate.
 51956 | Elf:2    | Found a runed translucent gate.
 52288 | Elf:2    | Received a gift from Trog
 53089 | Elf:2    | Found Tyegom's Jewellery Boutique.
 53243 | Elf:3    | Entered Level 3 of the Elven Halls
 53813 | Elf:3    | Identified the ring "Miacour" {AC+4 Str+3 Int+2 Dex-5 SInv}
 53827 | Elf:3    | Identified the ring "Fueclyuq" {rElec rCorr Int+6 Slay+3}
 54419 | Elf:1    | Bought an amulet of regeneration for 510 gold pieces
 54731 | Elf:2    | Reached XP level 21. HP: 188/204 MP: 21/21
 54954 | Elf:3    | Received a gift from Trog
 55189 | Elf:3    | Identified the +9 chain mail "Hugrur" {Contam rF+ rC++}
 55309 | Elf:3    | Identified the +7 mace "Dobbeih" {freeze, rF- Str+7 Stlth+}
 55339 | Elf:3    | Identified the +8 lajatang of the Immovable Beds {heavy,
                  | rPois Int+5}
 55998 | Elf:3    | Found Wotaubui's Weapon Shop.
 56279 | Elf:3    | Found Jammuen's Jewellery Emporium.
 56279 | Elf:3    | Found Oresicly's Book Shop.
 56281 | Elf:3    | Found Uthes's Jewellery Emporium.
 57041 | Vaults:1 | Entered Level 1 of the Vaults
 58102 | Vaults:1 | Received a gift from Trog
 58263 | Vaults:1 | Found Nuzurroy's Armour Shoppe.
 59366 | Vaults:2 | Received a gift from Trog
 59740 | Vaults:2 | Found Ucamehev's Antique Weapon Shoppe.
 59820 | Vaults:2 | Reached XP level 22. HP: 220/220 MP: 22/22
 60380 | Vaults:3 | Received a gift from Trog
 60385 | Vaults:3 | Noticed Asterion
 60393 | Vaults:3 | Killed Asterion
 60499 | Vaults:3 | Noticed Mennas
 60572 | Vaults:3 | Killed Mennas
 60731 | Vaults:3 | Found a staircase to the Crypt.
 61482 | Vaults:3 | Found a portal to a secret trove of treasure.
 62058 | Vaults:4 | Found a flickering gateway to a bazaar.
 62064 | Bazaar   | Entered a bazaar
 62064 | Bazaar   | Found Fit Rud's Antique Weapon Boutique.
 62064 | Bazaar   | Found Kiva's Armour Shop.
 62064 | Bazaar   | Found Yqiehan's Weapon Shop.
 62080 | Bazaar   | Bought a +1 pair of boots of flying for 181 gold pieces
 62232 | Vaults:4 | Noticed Xtahua
 62243 | Vaults:4 | Killed Xtahua
 62303 | Vaults:4 | Received a gift from Trog
 62652 | Vaults:4 | Reached XP level 23. HP: 213/232 MP: 23/23
 62881 | Vaults:4 | Received a gift from Trog
 63644 | Swamp:2  | Killed Flure's ghost
 63650 | Swamp:2  | Identified the +0 pair of gloves of Insurance {Will+}
 63676 | Swamp:2  | Reached skill level 15 in Dodging
 63676 | Swamp:2  | Reached XP level 24. HP: 205/243 MP: 23/23
 64070 | Depths:2 | Noticed a juggernaut
 64081 | Depths:2 | Killed a juggernaut
 64338 | Depths:2 | Found a one-way gateway to a ziggurat.
 64338 | Depths:2 | Noticed a dread lich
 64338 | Depths:2 | Noticed an ancient lich
 64381 | Depths:2 | Found a magical portal.
 64392 | WizLab   | Entered Maxwell's Workshop
 64790 | WizLab   | Identified the ring of Muene {Fire rN+}
 64882 | WizLab   | Received a gift from Trog
 64912 | WizLab   | Identified the +0 pair of gloves of Courage {rElec rN+ MP-9
                  | Stlth+}
 64917 | WizLab   | Identified the +4 leather armour of Vlad {Dex+3}
 65607 | Depths:2 | Got the Exposition on the Brilliant Wendigo
 65815 | Depths:2 | Identified the +3 scale mail of Ustonipen {-Tele Dex+4}
 65829 | Depths:2 | Noticed a caustic shrike
 65841 | Depths:2 | Killed a caustic shrike
 65937 | Depths:2 | Noticed a caustic shrike
 65941 | Depths:2 | Killed a caustic shrike
 66094 | Depths:2 | Noticed a juggernaut
 66102 | Depths:2 | Killed a juggernaut
 66103 | Depths:2 | Reached XP level 25. HP: 240/255 MP: 14/23
 66226 | Depths:2 | Found a one-way gate leading to the halls of Pandemonium.
 66359 | Depths:2 | Received a gift from Trog
 66685 | Depths:3 | Found an opulent altar of Gozag.
 66691 | Depths:3 | Noticed a juggernaut
 66700 | Depths:3 | Killed a juggernaut
 66749 | Depths:3 | Identified the +8 trident "Xeanteywk" {flame, Dex+2}
 66794 | Depths:3 | Reached skill level 27 in Fighting
 67360 | Depths:3 | Received a gift from Trog
 67591 | Depths:3 | Noticed Louise
 67607 | Depths:3 | Killed Louise
 67818 | Depths:4 | Entered Level 4 of the Depths
 67952 | Depths:4 | Found Kerhacep's Book Shop.
 67959 | Depths:4 | Found a basalt altar of Yredelemnul.
 68017 | Depths:4 | Received a gift from Trog
 68194 | Depths:4 | Found a gate to the Realm of Zot.
 68392 | Depths:4 | Found a hazy altar of Hepliaklqana.
 68761 | Depths:4 | Found Kajuasec's Magic Scroll Shop.
 68798 | Depths:4 | Bought a scroll of enchant weapon for 135 gold pieces
 68798 | Depths:4 | Bought a scroll of magic mapping for 135 gold pieces
 68798 | Depths:4 | Bought a scroll of fog for 72 gold pieces
 69438 | Crypt:1  | Entered Level 1 of the Crypt
 69521 | Vaults:3 | You paid a toll of 5 scrolls of fog to enter a treasure
                  | trove
 69522 | Trove    | Entered a treasure trove
 69526 | Trove    | Identified the amulet "Mumidejo" {Reflect rPois Dex+4 SH+5}
 69530 | Trove    | Identified the amulet of the Lusting Gods {RegenMP Fly}
 69534 | Trove    | Identified the ring "Wojinyeg" {rPois rN++ EV+5 Dex-4
                  | Stlth+}
 69535 | Trove    | Identified a ring of Gaosae {Fly rF+ rCorr}
 69543 | Trove    | Identified a ring of Xoacoi {*Slow rElec rCorr Int+6}
 69544 | Trove    | Identified a ring of Guck {Contam +Blink rPois rCorr MP-9}
 69551 | Trove    | Identified the ring "Faggita" {rF+ AC+4}
 69552 | Trove    | Identified the ring "Waecess" {rF++ EV+5 SInv}
 69685 | Vaults:5 | Entered Level 5 of the Vaults
 69694 | Vaults:5 | Reached skill level 1 in Invocations
 69731 | Vaults:5 | Noticed an ancient lich
 69735 | Vaults:5 | Killed an ancient lich
 69736 | Vaults:5 | Reached XP level 26. HP: 109/266 MP: 16/25
 69743 | Vaults:5 | Noticed an ancient lich
 69763 | Vaults:5 | Killed an ancient lich
 69789 | Vaults:5 | Reached skill level 5 in Invocations
 70489 | Vaults:5 | Noticed a dread lich
 70494 | Vaults:5 | Killed a dread lich
 70494 | Vaults:5 | Received a gift from Trog
 70741 | Vaults:5 | Noticed a dread lich
 70885 | Vaults:5 | Paralysed by a dread lich for 2 turns
 70888 | Vaults:5 | Killed a dread lich
 71124 | Vaults:5 | Identified the +7 war axe of Upheaval {drain, Int+3 Dex+3}
 71363 | Vaults:5 | Got a silver rune of Zot
 71960 | Vaults:5 | Identified the +2 cloak of Mental Paralysis {Dex+3}
 72007 | Vaults:5 | Identified the amulet of Sif Muna's Hatred {Spirit rC++
                  | rN+}
 72351 | D:5      | Fell from the grace of Trog
 72351 | D:5      | Became a worshipper of the Shining One
 72658 | Crypt:1  | Identified the +5 scale mail of Subjectivity {Stlth+}
 72698 | Crypt:1  | Reached * piety under the Shining One
 72863 | Crypt:1  | Reached ** piety under the Shining One
 73022 | Crypt:1  | Reached *** piety under the Shining One
 73506 | Crypt:2  | Reached **** piety under the Shining One
 73528 | Crypt:2  | Reached skill level 10 in Invocations
 73531 | Crypt:2  | Reached ***** piety under the Shining One
 73577 | Crypt:2  | Reached XP level 27. HP: 273/273 MP: 21/30
 73791 | Crypt:2  | Noticed a royal mummy
 73808 | Crypt:2  | Killed a royal mummy
 73887 | Crypt:2  | Noticed Khufu
 73906 | Crypt:2  | Killed Khufu
 73932 | Crypt:2  | Noticed a royal mummy
 73936 | Crypt:2  | Killed a royal mummy
 74178 | Crypt:2  | Reached ****** piety under the Shining One
 74402 | Crypt:3  | Entered Level 3 of the Crypt
 74536 | Crypt:3  | Found a basalt altar of Yredelemnul.
 74651 | Crypt:3  | Found a staircase to the Tomb.
 74907 | Crypt:3  | Identified the +7 falchion of Goloasch {freeze, Contam
                  | Fragile rPois rC+++}
 75281 | Crypt:3  | Reached skill level 1 in Spellcasting
 75333 | Crypt:3  | Found the sphere of Battle
 75382 | Crypt:3  | Identified the +1 plate armour of Ama Xeeb {Str+2}
 75572 | Tomb:1   | Entered Level 1 of the Tomb of the Ancients
 76208 | Tomb:1   | Noticed a royal mummy
 76225 | Tomb:1   | Killed a royal mummy
 76646 | Tomb:1   | Noticed a royal mummy
 76820 | Tomb:1   | Killed a royal mummy
 77370 | Hell     | Entered the Vestibule of Hell
 77371 | Hell     | Noticed Geryon
 78026 | Orc:1    | Bought the +5 great mace of Nyivyeci {spect, rElec Int-5
                  | Dex+6} for 802 gold pieces
 78072 | Elf:1    | Bought a potion of berserk rage for 85 gold pieces
 78072 | Elf:1    | Bought a potion of curing for 51 gold pieces
 78072 | Elf:1    | Bought a potion of haste for 170 gold pieces
 78072 | Elf:1    | Lost mutation: You possess an exceptional clarity of mind.
                  | [potion of mutation]
 78072 | Elf:1    | Lost mutation: You have large cloven feet. [potion of
                  | mutation]
 78072 | Elf:1    | Gained mutation: Your magical capacity is low. (-10% MP)
                  | [potion of mutation]
 78072 | Elf:1    | Gained mutation: You are clumsy. (Dex -2) [potion of
                  | mutation]
 78072 | Elf:1    | Gained mutation: You occasionally lose the ability to drink
                  | potions when taking damage. [potion of mutation]
 78072 | Elf:1    | Gained mutation: You are strong-willed. (Will+) [potion of
                  | mutation]
 78073 | Elf:1    | Lost mutation: You occasionally lose the ability to drink
                  | potions when taking damage. [potion of mutation]
 78073 | Elf:1    | Lost mutation: You are strong-willed. (Will+) [potion of
                  | mutation]
 78073 | Elf:1    | Lost mutation: You are clumsy. (Dex -2) [potion of
                  | mutation]
 78073 | Elf:1    | Gained mutation: You possess an exceptional clarity of
                  | mind. [potion of mutation]
 78073 | Elf:1    | Gained mutation: You have a pair of small horns on your
                  | head. [potion of mutation]
 78073 | Elf:1    | Gained mutation: You expend magic power (3 MP) to
                  | strengthen your wands. [potion of mutation]
 78599 | Depths:2 | Killed an ancient lich
 78600 | Depths:2 | Reached skill level 1 in Maces & Flails
 78608 | Depths:2 | Killed a dread lich
 80460 | Depths:3 | Paralysed by Trog for 4 turns
 80490 | Hell     | Killed Geryon
 80622 | Hell     | Found a gateway to the freezing wastes of Cocytus.
 80727 | Hell     | Found a gateway to the Iron City of Dis.
 80872 | Hell     | Paralysed by Trog for 3 turns
 80944 | Hell     | Found a gateway to the decaying netherworld of Tartarus.
 81151 | Hell     | Found a gateway to the ashen valley of Gehenna.
 81626 | D:10     | Bought a scroll of enchant weapon for 217 gold pieces
 81626 | D:10     | Bought a scroll of teleportation for 87 gold pieces
 81755 | Orc:2    | Bought a scroll of teleportation for 78 gold pieces
 81755 | Orc:2    | Bought a scroll of teleportation for 78 gold pieces
 81755 | Orc:2    | Bought a scroll of enchant weapon for 195 gold pieces
 81755 | Orc:2    | Bought 2 potions of haste for 520 gold pieces
 81757 | Orc:2    | Bought a scroll of teleportation for 87 gold pieces
 81757 | Orc:2    | Bought a scroll of enchant armour for 217 gold pieces
 81862 | Elf:1    | Bought a potion of might for 88 gold pieces
 82043 | Depths:1 | Voluntarily entered the Abyss.
 82043 | Abyss:2  | Found a corrupted altar of Lugonu.
 82057 | Abyss:3  | Found a corrupted altar of Lugonu.
 82057 | Abyss:3  | Found a corrupted altar of Lugonu.
 82065 | Abyss:3  | Noticed a dread lich
 82074 | Abyss:3  | Killed a dread lich
 82101 | Abyss:3  | Found a corrupted altar of Lugonu.
 82115 | Abyss:3  | Found a corrupted altar of Lugonu.
 82292 | Abyss:5  | Found a glowing golden altar of the Shining One.
 82299 | Abyss:5  | Found a glowing golden altar of the Shining One.
 82344 | Abyss:5  | Noticed a juggernaut
 82349 | Abyss:5  | Killed a juggernaut
 82350 | Abyss:5  | Reached skill level 5 in Maces & Flails
 82353 | Abyss:5  | Got an abyssal rune of Zot
 82374 | Abyss:5  | Reached skill level 15 in Evocations
 82392 | Abyss:5  | Found a glowing golden altar of the Shining One.
 82526 | Depths:1 | Escaped the Abyss
 83598 | Lair:4   | Found a staircase to the Slime Pits.
 83617 | Slime:1  | Entered Level 1 of the Pits of Slime
 83630 | Slime:1  | Gained mutation: Armour fits poorly on your strangely
                  | shaped body. [a shining eye]
 83643 | Slime:2  | Reached skill level 15 in Invocations
 84294 | Slime:3  | Gained mutation: You are clumsy. (Dex -2) [a shining eye]
 85022 | Slime:5  | Entered Level 5 of the Pits of Slime
 85048 | Slime:5  | Gained mutation: Your magical capacity is very low. (-20%
                  | MP) [a shining eye]
 85050 | Slime:5  | Gained mutation: You are resistant to electric shocks.
                  | (rElec) [a shining eye]
 85093 | Slime:5  | Gained mutation: You have hidden genetic defects. [a
                  | shining eye]
 85095 | Slime:5  | Gained mutation: Your spells are a little easier to cast,
                  | but a little less powerful. [a shining eye]
 85130 | Slime:5  | Noticed the Royal Jelly
 85159 | Slime:5  | Gained mutation: You are occasionally teleported next to
                  | monsters. [a shining eye]
 85163 | Slime:5  | Gained mutation: Potions are less effective at restoring
                  | your health. [a shining eye]
 85176 | Slime:5  | HP: 13/273 [acid blob/splash of acid (15)]
 85181 | Slime:5  | HP: 8/273 [acid (1)]
 85322 | Slime:4  | Was forgiven by Trog
 85721 | Slime:5  | Gained mutation: You do not regenerate when monsters are
                  | visible. [a shining eye]
 85733 | Slime:5  | Gained mutation: You are very clumsy. (Dex -4) [a shining
                  | eye]
 85778 | Slime:5  | Killed the Royal Jelly
 86440 | Slime:5  | Reached skill level 27 in Armour
 86487 | Slime:5  | Gained mutation: You are dopey. (Int -2) [a shining eye]
 86977 | Slime:5  | Got Tousugoo's Spellbook of the Blasted Deep Freeze
 86985 | Slime:5  | Got the Annotations on Alteration and the Gift
 87003 | Slime:5  | Identified the +1 robe "Vekhuj" {Harm rElec Int+3}
 87029 | Slime:5  | Identified the ring of the Bursted God {rElec rPois rC+
                  | Int+3 Stlth+}
 87031 | Slime:5  | Identified the +1 scimitar of Doom {drain, rC++ rN+}
 87037 | Slime:5  | Identified the +0 robe of Cocytus {Int+5}
 87096 | Slime:5  | Identified the +7 sling "Keammyps" {elec, Int+3}
 87098 | Slime:5  | Got a slimy rune of Zot
 87112 | Slime:5  | Identified the staff of air "Xiruitto" {rElec rF+}
 87115 | Slime:5  | Identified the +8 shortbow of Zaun {freeze, Int+5}
 87470 | Slime:1  | Gained mutation: Potions cannot restore your health. [a
                  | shining eye]
 87472 | Slime:1  | Lost mutation: You possess an exceptional clarity of mind.
                  | [a shining eye]
 87609 | Slime:1  | Gained mutation: You occasionally lose the ability to drink
                  | potions when taking damage. [hidden defects]
 88390 | Coc:1    | Entered Level 1 of Cocytus
 88512 | Coc:1    | Identified a +4 executioner's axe of holy wrath (a +2
                  | executioner's axe of chaos blessed by the Shining One)
 88512 | Coc:1    | Received a gift from the Shining One
 88845 | Coc:1    | Paralysed by a wendigo for 1 turns
 89068 | Zot:1    | Entered Level 1 of the Realm of Zot
 89068 | Zot:1    | Found a transporter.
 89151 | Zot:1    | Noticed Yklao's ghost (veteran FeEn)
 89316 | Zot:1    | Noticed an orb of fire
 89424 | Depths:4 | Gained mutation: You occasionally shout uncontrollably at
                  | your foes. [an orb of fire]
 89431 | Depths:4 | Killed an orb of fire
 90280 | Depths:4 | Gained mutation: You are very dopey. (Int -4) [hidden
                  | defects]
 90280 | Depths:4 | Lost mutation: You have hidden genetic defects. [hidden
                  | defects expressed]
 90850 | Zot:1    | Found a transporter.
 90873 | Zot:1    | Noticed an ancient lich
 91298 | Zot:1    | Lost mutation: Armour fits poorly on your strangely shaped
                  | body. [potion of mutation]
 91298 | Zot:1    | Lost mutation: Your spells are a little easier to cast, but
                  | a little less powerful. [potion of mutation]
 91298 | Zot:1    | Lost mutation: You expend magic power (3 MP) to strengthen
                  | your wands. [potion of mutation]
 91298 | Zot:1    | Gained mutation: You have a pair of horns on your head.
                  | [potion of mutation]
 91298 | Zot:1    | Gained mutation: You possess an exceptional clarity of
                  | mind. [potion of mutation]
 92757 | Zot:2    | Reached skill level 10 in Maces & Flails
 93665 | Zot:3    | Identified the +10 trident "Nebuir" {venom, Fly Stlth+}
 95096 | Zot:4    | Identified the ring of the Jester {Ice Str+4 Dex+2 Slay+3}
 95096 | Zot:4    | Noticed Josephina
 95117 | Zot:4    | Killed Josephina
 96033 | Zot:4    | Identified the +3 ring mail of the Old and Reckless {Fly
                  | Str+2}
 96254 | Zot:5    | Entered Level 5 of the Realm of Zot
 96472 | Zot:5    | Noticed an orb of fire
 96472 | Zot:5    | Noticed an orb of fire
 96472 | Zot:5    | Noticed an orb of fire
 96472 | Zot:5    | Noticed an orb of fire
 96473 | Zot:5    | Noticed an orb of fire
 96502 | Zot:5    | Noticed an ancient lich
 96509 | Zot:5    | The Shining One protects you from harm!
 96511 | Zot:5    | Killed an ancient lich
 96511 | Zot:5    | Noticed an orb of fire
 96521 | Zot:5    | HP: 11/273 [Orb Guardian (5)]
 96525 | Zot:5    | HP: 2/273 [orb of fire/bolt of fire (9)]
 96527 | Zot:5    | Killed from afar by an orb of fire

Illustrated notes

Levels and vault maps discovered:
D:1:      nagdon_arrival_double_spiral, layout_loops_ring,
          minmay_small_reverse_x
D:2:      layout_loops_cross, dreamdust_wishing_well
D:3:      layout_basic, hellmonk_ghost_happy_afterlife, uniq_jessica, uniq_ijyb,
          uniq_terence
D:4:      layout_gridville, uniq_crazy_yiuf_cottage, uniq_natasha, uniq_robin,
          uniq_grinder, uniq_menkaure
D:5:      layout_basic, grunt_temple_overflow_order_and_chaos_1,
          okawaru_ov_weapons_minmay, minitemple, serial_shops, shop,
          uniq_eustachio, uniq_duvessa
D:6:      layout_loops_corners, mainiacjoe_overflow_boulevard,
          gammafunk_temple_overflow_elements, minmay_circle_x,
          uniq_blork_the_orc, uniq_prince_ribbit1, uniq_pikel, uniq_sigmund,
          uniq_edmund
D:7:      layout_rooms, minmay_temple_entry_ruins, serial_shops,
          nicolae_shop_tiny_glass, hex_intersection, kennysheep_cluttered_room,
          hex_tiny, nicolae_figureground_pulse, uniq_maggie
D:8:      layout_rooms, nicolae_ru_the_path_less_chosen, gammafunk_ghost_ooze,
          glass_columns_a, nicolae_diode_quadrants, uniq_erica
D:9:      layout_big_octagon, david_lair_generic, grunt_ogre_cave,
          chequers_arboretum
D:10:     layout_basic, serial_shops, nicolae_shop_drivethru, uniq_fannar,
          uniq_joseph
D:11:     layout_roguey, orc_0_dummy, grunt_livestock
D:12:     layout_irregular_city, uniq_snorg
D:13:     layout_loops_ring, kennysheep_generic_room_4, uniq_frances
D:14:     kennysheep_snake, layout_layer_cave, david_vaults_2,
          dreamdust_mushroom_princess, nicolae_underground_beach, uniq_agnes
D:15:     grunt_enter_depths_snipers, layout_basic, hangedman_decor_riveting
Lair:1:   layout_gridlike, kennysheep_rathole
Lair:2:   layout_roguey, gauntlet_entry_generic, uniq_urug
Lair:3:   layout_roguey, minmay_swamp_entry_reptiles, dummy_snake_entry
Lair:4:   nzn_winding_woodlands_three_and_one
          [nzn_winding_woodlands_5x15_pathside_ponds,
          nzn_winding_woodlands_5x15_split_checker,
          nzn_winding_woodlands_5x15_jagged,
          nzn_winding_woodlands_center_lodge], layout_regular_city,
          minmay_slime_entry_oklob_enclosed, cheibrodos_lair_lostbears
Lair:5:   gammafunk_lair_ancient_temple, layout_regular_city, ebering_ghost_xom,
          patterned_corridor
Swamp:1:  layout_basic_swamp, basic_altar, swamp_pool4,
          infiniplex_staircase_pool
Swamp:2:  layout_basic_swamp, gammafunk_ghost_berserking_beasts,
          nicolae_swamp_round_clearing, roderic_carrion_pond
Swamp:3:  layout_falls_marsh, serial_swamp_ruin, evilmike_swamp_ruin_house_4,
          evilmike_swamp_ruin_house_1, evilmike_swamp_ruin_rubble_1,
          ldierk_geyser, uniq_kirke
Swamp:4:  swamp_fiery, layout_basic_swamp, cheibrodos_swamp_witchery
Snake:1:  layout_chambers, evilmike_ambush [evilmike_ambush_outer_pillars,
          evilmike_ambush_inner_pond]
Snake:2:  layout_misc_corridors, grunt_megastairs_5
Snake:3:  layout_layer_cave, drop_trap, serial_bayou_shore_a,
          grunt_megastairs_1, lemuel_fruit_tree, uniq_vashnia
Snake:4:  hellmonk_snake_rune_quicksilver_temple, layout_onion_interference,
          basic_altar
Slime:1:  layout_caves
Slime:2:  layout_caves, nicolae_slime_welcoming_committee
Slime:3:  layout_caves, basic_altar
Slime:4:  layout_caves
Slime:5
Orc:1:    layout_caves, minmay_shop_mass
Orc:2:    st_orc_elflike, layout_caves, portal_ice_cave_entry_pillars_1,
          bloody_makhleb, uniq_donald
Elf:1:    minmay_elf_arrival_circle, layout_geoelf_octagon, serial_shops, shop,
          shop, nicolae_shop_window_shopping,
          hangedman_elven_crosses_minicolossus, minmay_shoptagon, uniq_aizul
Elf:2:    elven_hall_of_blades_hangedman_original
          [nicolae_blade_entry_crossed_weapons], layout_gridlike, serial_shops,
          nicolae_shop_advertising_works [nicolae_subvault_shop_adworks],
          nicolae_shop_window_shopping, minmay_misc_feat_ornament,
          palyth_stone_intersect
Elf:3:    grunt_elf_hall_asides, layout_gridlike, serial_shops, shop,
          dk_noncrumbling_4, minmay_shop_grove
Vaults:1: ontoclasm_vaults_bender, nicolae_vaults_cochlea,
          nicolae_vaults_double_plus_2, nicolae_vaults_more_shelving_1,
          hangedman_vaults_stitches, nicolae_vaults_windows_and_doors_thing,
          nicolae_vaults_holding_cells, ontoclasm_vaults_tryst,
          vaults_room_hallway, nicolae_vaults_weapon_check,
          vaults_standard_mumra_x, nicolae_vaults_taking_the_gang_shopping,
          nicolae_vaults_tetromino_L_2, layout_vaults_ring
Vaults:2: vaults_standard_mumra_enter_the_diamond,
          nicolae_vaults_little_squares_4, hangedman_vaults_locks,
          nicolae_vaults_tetromino_L_2, nicolae_vaults_closet_pinwheel_5,
          nicolae_vaults_house_3, nicolae_vaults_cochlea,
          hangedman_vaults_nodes, vaults_room_grid,
          nicolae_vaults_closet_pinwheel_4, nicolae_vaults_heart-shaped_vault,
          nicolae_vaults_storage_room_statues, nicolae_vaults_gold_heap,
          layout_vaults_omnicross, serial_shops, nicolae_shop_tiny_glass
Vaults:3: nicolae_vaults_network_star, v_pattern_5, nicolae_vaults_trapezoid_2,
          nicolae_vaults_circle_grid_a, hangedman_vaults_hat,
          grunt_vaults_diagonal, hangedman_vaults_nails, ontoclasm_vaults_chip,
          nicolae_vaults_twisting_passages, blue_anna_dwarven_crypt,
          layout_vaults_big_room, enter_trove_3, uniq_asterion, uniq_mennas
Vaults:4: nicolae_vaults_little_squares_3, ontoclasm_vaults_spin,
          vaults_room_fours, nicolae_vaults_storage_room_water,
          hangedman_vaults_restitches, nicolae_vaults_tetromino_T_2,
          nicolae_vaults_shrinking_rooms_1, nicolae_vaults_quadrants,
          v_alt_pattern_2, ontoclasm_vaults_twist,
          nicolae_vaults_closet_pinwheel_3, ontoclasm_vaults_decontamination,
          nicolae_vaults_trapezoid_lopsided_4, layout_vaults_maze, serial_shops,
          bzr_entry_safe, uniq_xtahua
Vaults:5
Crypt:1:  layout_regular_city, chequers_big_river, tombwall_bobbens
Crypt:2:  ragdoll_tomb_raider, layout_misc_corridors, uniq_margery
Crypt:3:  due_elkab, layout_chaotic_city, tomb_entry_forgotten_bobbens,
          basic_altar
Tomb:1
Depths:1: layout_cave_pools, lightli_too_deep, serial_sigils_hangedman_writhe,
          abyss_entry_crystal, evilmike_butchery, uniq_nikola
Depths:2: minmay_four_inscribed_fans, layout_gridlike, enter_ziggurat_c,
          mu_enter_wizlab_4, pan_entry, pf_dread_powers_of_hell
Depths:3: hangedman_stitches_corridor, layout_basic, nicolae_gozag_seed_capital,
          grunt_hell_entry_dis_grunt, pan_entry,
          nicolae_abyss_entry_one_way_or_another
Depths:4: grunt_x_marks_the_spot, layout_basic, yredelemnul_altar_generic,
          hell_entry, serial_shops, shop, nicolae_shop_peninsula,
          nzn_hepliaklqana_mist_gate
Hell
Coc:1:    layout_ice_bergs
Zot:1:    layout_onion_interference, gammafunk_ghost_abyssal_escape,
          lemuel_lake_of_fire
Zot:2:    evilmike_crystal_ball_defense, layout_gridlike
Zot:3:    layout_onion_interference, zot_minivault_1, grunt_megastairs_3
Zot:4:    lemuel_draconian_sentries_small, layout_twisted_circle, uniq_josephina
Zot:5:    layout_misc_corridors

Skill      XL: |  1  2  3  4  5  6  7  8  9 10 11 12 13 14 15 16 17 18 19 20 21 22 23 24 25 26 27 |
---------------+----------------------------------------------------------------------------------+-----
Fighting       | 4 5 6 7 9 10 11 12 13 14 16 17 18 19 21 23 24 25 26 27 | 27.0
Dodging        | 2 3 4 6 7 8 9 10 11 12 13 14 15 17 18 20 | 20.9
Armour         | 3 4 5 6 7 9 11 13 14 15 16 17 18 19 20 21 22 23 24 25 27 | 27.0
Axes           | 5 6 7 8 9 11 12 14 16 18 20 21 23 25 26 27 | 27.0
Evocations     | 1 4 6 8 9 10 12 17 | 17.7
Invocations    | 3 10 19 | 19.2
Spellcasting   | 4 |  4.3
Maces & Flails | 12 | 12.3

Action                     |  1- 3 |  4- 6 |  7- 9 | 10-12 | 13-15 | 16-18 | 19-21 | 22-24 | 25-27 || total
---------------------------+-------+-------+-------+-------+-------+-------+-------+-------+-------++-------
  Melee: Hand axe          |   116 |   100 |    18 |    81 |       |       |       |       |       ||   315
         Punch             |     2 |       |     6 |     8 |     5 |       |       |       |       ||    21
         War axe           |       |       |   168 |   269 |       |       |       |       |       ||   437
         Battleaxe         |       |       |       |   231 |   608 |       |   444 |   713 |  1831 ||  3827
         Bite              |       |       |       |       |   131 |   193 |    37 |       |       ||   361
         Broad axe         |       |       |       |       |   321 |       |       |       |       ||   321
         Executioner's axe |       |       |       |       |    44 |  1276 |   867 |       |   680 ||  2867
         Headbutt          |       |       |       |       |       |       |       |       |   453 ||   453
         Great mace        |       |       |       |       |       |       |       |       |    50 ||    50
 Invoke: Berserk           |       |     6 |     9 |    15 |    13 |    11 |     5 |     7 |       ||    66
         Trog's Hand       |       |       |     1 |     1 |     1 |       |       |       |       ||     3
         Brothers in Arms  |       |       |       |       |       |     7 |     7 |     6 |     2 ||    22
         Summon Divine War |       |       |       |       |       |       |       |       |    11 ||    11
         Cleansing Flame   |       |       |       |       |       |       |       |       |     1 ||     1
         Brand Weapon With |       |       |       |       |       |       |       |       |     1 ||     1
Ability: Evoke Blink       |       |       |       |       |       |       |       |       |    14 ||    14
  Evoke: Wand              |       |       |       |     1 |    25 |    36 |       |       |    11 ||    73
         Phantom mirror    |       |       |       |       |     3 |     2 |       |     1 |       ||     6
         Lightning rod     |       |       |       |       |       |     8 |     1 |       |     4 ||    13
         Condenser vane    |       |       |       |       |       |     2 |       |       |       ||     2
    Use: Scroll            |       |     1 |     2 |    14 |    22 |    17 |    16 |     4 |    32 ||   108
         Potion            |       |       |       |     6 |     7 |     6 |    17 |     4 |    43 ||    83
   Stab: Petrified         |       |       |       |       |       |     3 |       |       |       ||     3
         Confused          |       |       |       |       |       |     2 |       |       |       ||     2
         Distracted        |       |       |       |       |       |       |       |     2 |       ||     2
 Armour: Animal skin       |     6 |       |       |       |       |       |       |       |       ||     6
         Scale mail        |    37 |    52 |    29 |       |       |       |       |       |       ||   118
         Plate armour      |       |       |    74 |   334 |   463 |       |       |       |       ||   871
         Acid dragon scale |       |       |       |       |     1 |       |       |       |       ||     1
         Crystal plate arm |       |       |       |       |    83 |   898 |   929 |   589 |  2608 ||  5107
  Dodge: Dodged            |    58 |    52 |    78 |   283 |   395 |   557 |   554 |   402 |  1921 ||  4300
  Block: Other             |       |    14 |    33 |   135 |   185 |   280 |   160 |       |       ||   807
         Reflection        |       |       |     3 |     1 |     5 |    22 |    18 |       |       ||    49
